 Dungeon Sprint DCSS version 0.22.1-1-ga44c0e56f4 (webtiles) character file.

53 KleinerIrrer the Insei (level 3, -5/25 HPs)
             Began as an Octopode Transmuter on Nov 2, 2018.
             Slain by a water elemental (20 damage)
             ... in the Dungeon (Sprint III: "The Ten Rune Challenge").
             The game lasted 00:01:40 (363 turns).

KleinerIrrer the Insei (Octopode Transmuter)         Turns: 363, Time: 00:01:40

Health: -5/25      AC:  3    Str:  9    XL:     3   Next: 89%
Magic:  5/6        EV: 13    Int: 15    God:
Gold:   51         SH:  0    Dex: 13    Spells: 5/6 levels left

rFire    . . .     SeeInvis .     - Unarmed
rCold    . . .     Gourm    .   (no shield)
rNeg     . . .     Faith    .   (helmet restricted)
rPois    .         Spirit   .   (no amulet)
rElec    .         Reflect  .   (no ring)
rCorr    .         Harm     .   (no ring)
MR       .....     NoTele   +   (no ring)
Stlth    ++........             (no ring)
HPRegen  0.08/turn              (no ring)
MPRegen  0.10/turn              (no ring)
                                (no ring)
                                (no ring)

@: appendage (expiring), engulfed
A: almost no armour, stealthy swim, amphibious, 8 rings, constrict 8, tentacle
spike 3, molten scales 1, camouflage 1, robust 1, gelatinous body 1
a: End Transformation


You were in the Dungeon.
You were not hungry.
One of your tentacles had a temporary spike.
You visited 1 branch You collected 51 gold pieces.

Inventory:

Missiles
 a - 12 arrows
Scrolls
 i - a scroll of blinking
 k - a scroll of immolation {unknown}
 l - 2 scrolls of identify {unknown}
 m - 3 scrolls of remove curse
 o - a scroll of torment {unknown}
Potions
 d - 3 potions of curing
 e - a potion of heal wounds
 f - a potion of haste
 g - 2 potions of magic
 h - a potion of berserk rage
 j - 3 potions of mutation
 n - 2 potions of flight
Comestibles
 b - 3 chunks of flesh
 c - 3 rations


   Skills:
 - Level 1.0 Fighting
 - Level 2.0 Dodging
 + Level 7.9 Unarmed Combat
 - Level 2.0 Spellcasting
 - Level 2.0 Transmutations


You had 5 spell levels left.
You knew the following spells:

 Your Spells              Type           Power        Failure   Level  Hunger
a - Beastly Appendage     Tmut           #.....       10%         1    #......

Your spell library contained the following spells:

 Spells                   Type           Power        Failure   Level  Hunger
 Sticks to Snakes         Tmut           #.......     14%         2    ###....
 Spider Form              Tmut/Pois      #.........   41%         3    ###....
 Ice Form                 Ice/Tmut       #.......     82%         4    #####..
 Blade Hands              Tmut           #.........   95%         5    ######.


Dungeon Overview and Level Annotations

Branches:
Dungeon (1/1)

Altars:


Innate Abilities, Weirdness & Mutations

You cannot wear most types of armour.
You are very stealthy in the water. (Stealth+)
You are amphibious.
You can wear up to eight rings at the same time.
You can use your tentacles to constrict eight enemies at once.
Your skin changes colour to match your surroundings (Stealth+).
Your rubbery body absorbs attacks. (AC +1, EV +1)
One of your tentacles bears a large vicious spike.
You are partially covered in molten scales. (AC +2)
You are robust. (+10% HP)


Message History

You squeeze the water elemental.
The water elemental is moderately damaged.
You barely miss the water elemental.
You pierce the water elemental, but do no damage.
The water elemental is moderately damaged.
The water elemental closely misses you.
You tentacle-slap the water elemental.
The water elemental is heavily damaged.
The water elemental barely misses you.
You bludgeon the water elemental!
The water elemental is severely damaged.
Your transformation is almost over.
The water elemental hits you!
The water elemental engulfs you in water!
You tentacle-slap the water elemental.
You pierce the water elemental.
You tentacle-slap the water elemental, but do no damage.
The water elemental is severely damaged.
The water elemental hits you!!
Ouch! That really hurt!
You die...

▓▓▓▓▓▓▓▓▓▓▓ ▓▓▓
<.#..'....♣ ♣.#
..#..#....♣♣ ♣♣.#
#'####.....♣ ♣..#
.....#....≈♣♣♣♣♣.#
.....#...≈≈♣.♣.♣@#
.....#..≈≈≈≈♣....E.⌠....
####'#..≈≈≈≈≈≈♣♣.#...###
.)...#.≈≈≈≈≈≈....#.⌠.#
.....#.≈≈≈≈≈.....# ..#
.....#.≈≈≈.......# ###
'#####...........#
.................#
▓▓▓▓▓▓▓▓▓▓▓▓▓▓▓▓▓▓


You could see a water elemental.

Vanquished Creatures
  Jessica (D)
  A human (D)
  An ooze (D)
  A phantom (D)
  2 rats (D)
6 creatures vanquished.

Vanquished Creatures (others)
  2 draconian scorchers (D)
  6 hellions (D)
  A yaktaur (D)
9 creatures vanquished.

Grand Total: 15 creatures vanquished

Notes
Turn   | Place    | Note
-------+----------+-------------------------------------------
     0 | D        | KleinerIrrer the Octopode Transmuter began the quest for
                  | the Orb.
     0 | D        | Reached XP level 1. HP: 13/13 MP: 3/3
    12 | D        | Reached skill level 4 in Unarmed Combat
    67 | D        | Killed a yaktaur
    98 | D        | Killed a hellion
    98 | D        | Killed a hellion
    98 | D        | Killed a hellion
    99 | D        | Killed a hellion
   104 | D        | Killed a hellion
   131 | D        | Killed a hellion
   204 | D        | Noticed Jessica
   206 | D        | Killed a white draconian scorcher
   211 | D        | Killed Jessica
   211 | D        | Reached skill level 6 in Unarmed Combat
   211 | D        | Reached XP level 2. HP: 18/18 MP: 5/5
   211 | D        | Reached XP level 3. HP: 23/23 MP: 6/6
   239 | D        | Reached skill level 7 in Unarmed Combat
   245 | D        | Killed a white draconian scorcher
   253 | D        | Gained mutation: Your muscles are strong. (Str +2) [potion
                  | of mutation]
   253 | D        | Gained mutation: You expend magic power (3 MP) to
                  | strengthen your wands. [potion of mutation]
   254 | D        | Lost mutation: You expend magic power (3 MP) to strengthen
                  | your wands. [potion of mutation]
   254 | D        | Lost mutation: Your muscles are strong. (Str +2) [potion of
                  | mutation]
   254 | D        | Gained mutation: You are partially covered in molten
                  | scales. (AC +2) [potion of mutation]
   254 | D        | Gained mutation: You are robust. (+10% HP) [potion of
                  | mutation]
   357 | D        | Noticed a water elemental
   363 | D        | Slain by a water elemental

Skill      XL: |  1  2  3 |
---------------+----------+-----
Unarmed Combat | 6 7 |  7.9
Fighting       | |  1.0
Dodging        | |  2.0
Spellcasting   | |  2.0
Transmutations | |  2.0

Action                   || total
-------------------------++-------
Melee: Unarmed           ||    29
       Constrict         ||     3
       Tentacles         ||     5
       Kick              ||     3
       Punch             ||     2
 Cast: Beastly Appendage ||     2
  Use: Potion            ||     2
 Stab: Sleeping          ||     3
Armor: Skin              ||     3
Dodge: Dodged            ||    10
